 Dungeon Crawl Stone Soup version 0.30.0-29-ga12c61a403 (webtiles) character file.

Game seed: 4134117092516025689

86 ChadusMaximus the Caller (level 4, -3/30 HPs)
             Began as a Barachi Summoner on June 24, 2023.
             Killed from afar by Natasha (5 damage)
             ... with a magic dart
             ... on level 2 of the Dungeon.
             The game lasted 00:02:29 (2251 turns).

ChadusMaximus the Caller (Barachi Summoner)         Turns: 2251, Time: 00:02:29

Health: -3/30      AC:  2    Str:  9    XL:     4   Next: 49%
Magic:  3/8        EV: 13    Int: 17    God:
Gold:   84         SH:  0    Dex: 13    Spells: 3/9 levels left

rFire   . . .        h - +0 sling
rCold   . . .        (no shield)
rNeg    . . .        a - +0 robe
rPois   .            (no helmet)
rElec   .            (no cloak)
rCorr   .            (no gloves)
SInv    .            (no boots)
Will    .....        (no amulet)
Stlth   ++           (no ring)
HPRegen 0.25/turn    (no ring)
MPRegen 0.11/turn

%: no passive effects
@: unable to hop, slow
A: amphibious, slowness 1, strong legs 1, +LOS
a: Hop


You were on level 2 of the Dungeon.
You visited 1 branch of the dungeon, and saw 2 of its levels.

You collected 84 gold pieces.

Inventory:

Hand Weapons
 g - a +0 short sword
 h - a +0 sling (weapon)
Armour
 a - a +0 robe (worn)
Jewellery
 f - a ring of ice
Scrolls
 d - a scroll of summoning {unknown}
 e - 3 scrolls of identify {unknown}
 i - a scroll of blinking {unknown}
 j - 2 scrolls of teleportation {unknown}
 o - a scroll of acquirement {unknown}
Potions
 b - a potion of magic
 c - a potion of curing {unknown}
 k - a potion of attraction {unknown}
 l - a potion of brilliance {unknown}
 m - a potion of degeneration {unknown}
 n - a potion of cancellation {unknown}


   Skills:
 + Level 3.1 Dodging
 - Level 1.7 Stealth
 + Level 3.0 Spellcasting
 * Level 6.0 Summonings


You had 3 spell levels left.
You knew the following spells:

 Your Spells              Type           Power      Damage    Failure   Level
a - Summon Small Mammal   Summ           92%        N/A       1%          1
b - Call Canine Familiar  Summ           23%        N/A       4%          3
c - Call Imp              Summ           46%        N/A       2%          2

Your spell library contained the following spells:

 Spells                   Type           Power      Damage    Failure   Level
 Summon Guardian Golem    Hex/Summ       12%        N/A       16%         3
 Summon Lightning Spire   Summ/Air       12%        N/A       45%         4


Dungeon Overview and Level Annotations

Branches:
Dungeon (2/15)

Altars:

Annotations:
D:2 Natasha


Innate Abilities, Weirdness & Mutations

You are amphibious.
You cover ground slowly.
You can hop short distances.
You have an extended range of vision and can be seen from far away.


Message History

The sling bullet hits Natasha but does no damage.
Natasha is heavily wounded.
Natasha stares at you and mumbles some strange words.
The magic dart hits you. The cerulean imp barely misses you.
Natasha barely misses you.
You shoot a sling bullet. The sling bullet misses Natasha.
The cerulean imp hits you with a +2 spear.
Natasha howls an incantation.
You feel disoriented. Natasha casts a spell at you.
You resist with some effort. The cerulean imp closely misses you.
You shoot a sling bullet.
The sling bullet closely misses Natasha.
Natasha claws you.
The cerulean imp hits you but does no damage.
Unknown command.
Casting: Call Imp (safe; 2% risk of failure)
Confirm with . or Enter, or press ? or * to list all spells.
Natasha claws you!
* * * LOW HITPOINT WARNING * * *
The cerulean imp hits you with a +2 spear.
* * * LOW HITPOINT WARNING * * *
Casting: Call Canine Familiar (dangerous; 4% risk of failure)
Confirm with . or Enter, or press ? or * to list all spells.
You don't know that spell.
Hop to where?
Press: ? - help, Dir - move target, p - Natasha Boing!
The cerulean imp barely misses your hound.
Your hound bites the cerulean imp.
Natasha closely misses your hound.
Casting: Call Canine Familiar (dangerous; 4% risk of failure)
Confirm with . or Enter, or press ? or * to list all spells.
A tiny devil pulls itself out of the air.
Your hound closely misses the cerulean imp.
The cerulean imp hits your hound with a +2 spear!
Natasha wildly gestures.
Natasha shimmers violently.
Natasha casts a spell at you. The magic dart hits you.
You die...

#########.###.####..#
#.##.#
>........>##...###..#
#.##.#
###########.....##..#
#.##.# ..#
##.......#..########.##.#
#.#
#.......................#
#.#
##.....>.#.######.#######
#.# ##........# #.# #.#
###...5.###### #.# #.#
#.....)@.....# #.# #.#
#.####..####.# #.# #.#
#.# #..# #.# #.###### #.#
#.# #..# #.# #......#
..########.# #.h# #.#
######.## ....@...##.#
#h5## #.# #...
#######.##.# #...# #.#
#### #.##.# #.#.# #.# #
#.##.# #.#.# #.# #


You could see Natasha (ally target), a cerulean imp (summoned, ally target), a
friendly hound (summoned) and a friendly cerulean imp (summoned).

Vanquished Creatures
  Natasha (D:2)
  An adder (D:2)
  A dart slug (D:2)
  A bat (D:1)
  2 endoplasms
  A giant cockroach (D:1)
  2 hobgoblins (D:2)
  3 kobolds
  A quokka (D:2)
  2 ball pythons (D:2)
  A goblin (D:2)
16 creatures vanquished.

Vanquished Creatures (collateral kills)
  Jessica (D:2)
  A dart slug (D:1)
  An endoplasm (D:2)
  A goblin (D:1)
  A ball python (D:1)
  A bat (D:1)
  A rat (D:1)
7 creatures vanquished.

Grand Total: 23 creatures vanquished

Notes
Turn   | Place    | Note
-------+----------+-------------------------------------------
     0 | D:1      | ChadusMaximus the Barachi Summoner began the quest for the
                  | Orb.
     0 | D:1      | Reached XP level 1. HP: 13/13 MP: 3/3
   324 | D:1      | Reached skill level 5 in Summonings
   398 | D:1      | Reached XP level 2. HP: 19/19 MP: 1/5
  1214 | D:2      | Noticed Jessica
  1513 | D:2      | Reached XP level 3. HP: 21/24 MP: 6/6
  1981 | D:2      | Noticed Natasha
  2033 | D:2      | Killed Natasha
  2034 | D:2      | Reached XP level 4. HP: 14/30 MP: 2/8
  2102 | D:2      | Learned a level 3 spell: Call Canine Familiar
  2105 | D:2      | Learned a level 2 spell: Call Imp
  2184 | D:2      | Killed Jessica
  2185 | D:2      | Reached skill level 6 in Summonings
  2236 | D:2      | Noticed Natasha
  2249 | D:2      | HP: 1/30 [cerulean imp/+2 spear[Natasha] (5)]
  2251 | D:2      | Killed from afar by Natasha

Illustrated notes

Levels and vault maps discovered:
D:1:      minmay_arrival_split_and_join, layout_loops_corners
D:2:      layout_loops_ring, uniq_jessica, uniq_natasha

Skill      XL: |  1  2  3  4 |
---------------+-------------+-----
Summonings     | 5 6 |  6.0
Dodging        | 3 |  3.1
Spellcasting   | 3 |  3.0
Stealth        | |  1.7

Action                     |  1- 3 |  4- 6 || total
---------------------------+-------+-------++-------
  Melee: Unarmed           |    30 |       ||    30
         Short sword       |     2 |       ||     2
         Punch             |     1 |       ||     1
   Fire: Sling             |    69 |    10 ||    79
   Cast: Summon Small Mamm |    25 |       ||    25
         Call Imp          |       |     2 ||     2
         Call Canine Famil |       |     2 ||     2
Ability: Hop               |     1 |     1 ||     2
   Stab: Sleeping          |     1 |       ||     1
 Armour: Robe              |    21 |     2 ||    23
  Dodge: Dodged            |    73 |     4 ||    77
